 Dungeon Crawl Stone Soup version 0.30-a0-715-gdb4ae3ece1 (webtiles) character file.

Game seed: 4054240841861373617

4918 KennySheep the Basher (level 11, -30/92 HPs)
             Began as a Meteoran Fighter on Jan 24, 2023.
             Was a Priest of Okawaru.
             Annihilated by an orc knight
             ... wielding a +0 war axe
              (40 damage)
             ... in a bailey.
             The game lasted 00:35:15 (3949 turns).

KennySheep the Basher (Meteoran Fighter)            Turns: 3949, Time: 00:35:15

Health: -30/92     AC: 11    Str: 25    XL:     11   Next: 7%
Magic:  17/17      EV: 10    Int: 11    God:    Okawaru [***...]
Gold:   683        SH:  6    Dex: 14    Spells: 10/10 levels left

rFire   . . .      SeeInvis .    g - +2 flail (heavy)
rCold   . . .      Faith    .    c - +0 buckler
rNeg    . . .      Spirit   .    h - +3 ring mail
rPois   .          Reflect  .    i - +0 helmet
rElec   .          Harm     .    j - +0 cloak
rCorr   .          Rampage  .    (no gloves)
Will    +....                    d - +0 pair of boots
Stlth   +                        (no amulet)
HPRegen 0.35/turn                (no ring)
MPRegen 0.15/turn                (no ring)

@: glowing
A: sense surroundings 2, otherworldly, glowing, explore regen, thin skeletal
structure 1, deformed body, strong 1
a: Renounce Religion, Heroism


You were in a bailey.
You worshipped Okawaru.
Okawaru was most pleased with you.
You visited 2 branches of the dungeon, and saw 10 of its levels.
You also visited: Ossuary and Bailey.

You collected 845 gold pieces.
You spent 162 gold pieces at shops.

Inventory:

Hand Weapons
 a - a +0 flail
 g - a +2 heavy flail (weapon)
 I - a +0 dire flail
Missiles
 f - 2 throwing nets
 G - 12 boomerangs (quivered)
Armour
 b - a +0 scale mail
 c - a +0 buckler (worn)
 d - a +0 pair of boots (worn)
 h - a +3 ring mail (worn)
 i - a +0 helmet (worn)
 j - a +0 cloak (worn)
Jewellery
 u - a ring of see invisible
Wands
 n - a wand of roots (7)
Scrolls
 l - a scroll of vulnerability
 q - a scroll of fog
 s - a scroll of silence
 t - a scroll of identify
 x - a scroll of noise
 y - a scroll of immolation
 A - a scroll of poison
 B - a scroll of teleportation
 C - a scroll of brand weapon
 F - 3 scrolls of amnesia
Potions
 e - a potion of attraction {unknown}
 k - a potion of mutation
 m - a potion of magic {unknown}
 o - a potion of resistance
 p - a potion of brilliance {unknown}
 r - 2 potions of ambrosia
 v - 5 potions of curing
 w - 3 potions of lignification
 z - a potion of degeneration
 D - a potion of berserk rage {unknown}
 H - a potion of cancellation


   Skills:
 + Level 7.0 Fighting
 + Level 9.9 Maces & Flails
 * Level 8.3 Throwing
 + Level 7.9 Armour
 + Level 7.8 Shields
 * Level 6.9 Invocations


You had 10 spell levels left.
You didn't know any spells.
Your spell library contained the following spells:

 Spells                   Type           Power      Damage    Failure   Level
 Freeze                   Ice            0%         1d3       54%         1
 Frozen Ramparts          Ice            0%         1d1       88%         3
 Hailstorm                Conj/Ice       0%         3d3       88%         3
 Ignite Poison            Fire/Tmut/Pois 0%         N/A       88%         3
 Kindle Blastsparks       Fire/Tloc/Air  0%         2d10      88%         3
 Ozocubu's Armour         Ice            0%         N/A       88%         3
 Passage of Golubria      Tloc           0%         N/A       99%         4
 Freezing Cloud           Conj/Ice/Air   0%         6-21      100%        5
 Silence                  Hex/Air        0%         N/A       100%        5
 Ozocubu's Refrigeration  Ice            0%         4d7       100%        7
 Lehudib's Crystal Spear  Conj/Erth      0%         10d2      100%        8
 Chain Lightning          Conj/Air       0%         N/A       100%        9
 Fire Storm               Conj/Fire      0%         5d1       100%        9
 Shatter                  Erth           0%         3d5*      100%        9


Dungeon Overview and Level Annotations

Branches:
Dungeon (9/15) Zot: 1496   Temple (1/1) D:6 Zot: 578 Ossuary (visited)
 Bailey (1/1) Zot: 504
   Lair: D:8-11         Orc: D:9-12

Altars:
Ashenzari
Dithmenos
Elyvilon
Fedhas
Nemelex Xobeh
Okawaru
Ru
Trog
Wu Jian
Xom
Zin

Shops:
D:8 *


Innate Abilities, Weirdness & Mutations

You passively map the area around you.
You are easily found by Zot.
You glow in the dark.
You regain HP and MP as you explore.
You have a somewhat thin skeletal structure. (Dex +2, Stealth+)
Armour fits poorly on your strangely shaped body.
Your muscles are strong. (Str +4, Int/Dex -1)


Message History

The gnoll is almost dead.
A hobgoblin comes into view. It is wielding a +0 hand axe.
The gnoll barely misses you.
The orc knight roars a battlecry!
The orc knight goes into a battle-frenzy!
There is an open door here.
You throw a boomerang. The boomerang hits the gnoll.
You kill the gnoll!
Okawaru accepts your kill.
You throw a boomerang. The boomerang hits the orc knight.
The orc knight is lightly wounded.
You throw a boomerang.
The boomerang barely misses the orc knight.
The boomerang closely misses the hobgoblin.
The orc knight hits you but does no damage.
You hit the orc knight.
The orc knight is lightly wounded.
The orc knight hits you with a +0 war axe!!
The orc knight attacks as you move away!
You block the orc knight's attack.
Aiming: Fastroot
Press: ? - help, Shift-Dir - straight line, f/p - orc knight
Aim: an orc knight, wielding a +0 war axe and wearing a +0 scale mail (lightly wounded, strong)
The roots erupt in riotous growth!
Roots grab the orc knight. x2
The grasping roots constrict the orc knight. x2
You hear a shout!
The orc knight hits you with a +0 war axe!!
The orc knight struggles to escape constriction.
The grasping roots constrict the orc knight. x2
The roots release their grip on the orc knight. x2
Okay, then.
Okay, then.
You bludgeon the orc knight!!
The orc knight is severely wounded.
The orc knight hits you with a +0 war axe!!
* * * LOW HITPOINT WARNING * * *
The orc knight attacks as you move away!
The orc knight hits you with a +0 war axe!!!
You die...

≈≈≈≈≈≈≈....∩....≈≈≈≈≈≈≈
*
≈≈#####.........#####≈≈
* ~##...##.......## ..*
##.....##.....##.... **
##...8...##'''##...8.
##.......)...)........
#..........)..........
,
#..8..8.............8.
8
#......o@.............
,
##.....o####...####...
♣##...g## ~#####~~ #..
♣.##...# }?8o..8?:~
..,*
♣♣..###'#~.........~#
♣...~~~)#~..8...8..~#
♣♣...~(~)# , , , * ~
♣∩...~~~.# , , ,, ,~
♣♣...~~~.# , , , ,


You could see 2 orc knights and a hobgoblin.

Vanquished Creatures
  A kobold demonologist (D:7)
  A hornet (D:8)
  Prince Ribbit (D:6)
  A slime creature (D:7)
  Sigmund (D:6)
  2 steam dragons (D:7)
  Duvessa (D:6)
  4 sky beasts
  2 ice beasts
  3 black bears
  2 orc warriors
  2 centaurs (D:7)
  2 phantoms
  3 kobold brigands
  Blork the orc (D:6)
  3 bullfrogs
  A gnoll sergeant (D:7)
  A necrophage (D:5)
  4 scorpions
  2 wights
  Dowan (D:6)
  4 howler monkeys
  5 jellies
  3 hounds
  6 orc priests
  2 iguanas (D:5)
  11 orc wizards
  2 mummies (Ossuary)
  8 adders
  11 gnolls
  A white imp (D:6)
  A worm (D:3)
  A dart slug (D:5)
  28 orcs
  10 endoplasms
  8 giant cockroaches
  9 goblins
  9 hobgoblins
  7 jackals
  3 quokkas
  9 ball pythons
  5 bats
  7 frilled lizards
  4 gnoll zombies (Ossuary)
  5 goblin zombies (Ossuary)
  4 hobgoblin zombies (Ossuary)
  28 kobolds
  An orc zombie (Ossuary)
  3 rats
234 creatures vanquished.

Vanquished Creatures (others)
  An orc wizard (D:7)
1 creature vanquished.

Grand Total: 235 creatures vanquished

Notes
Turn   | Place    | Note
-------+----------+-------------------------------------------
     0 | D:1      | KennySheep the Meteoran Fighter began the quest for the
                  | Orb.
     0 | D:1      | Reached XP level 1. HP: 19/19 MP: 2/2
    24 | D:1      | Reached XP level 2. HP: 26/26 MP: 3/3
    29 | D:1      | Reached skill level 3 in Maces & Flails
   187 | D:1      | Reached XP level 3. HP: 31/31 MP: 4/4
   272 | D:1      | Reached skill level 1 in Throwing
   501 | D:2      | Reached XP level 4. HP: 35/38 MP: 5/5
   926 | D:3      | Reached skill level 4 in Maces & Flails
   926 | D:3      | Identified the +5 short sword "Puvif" {spect, Contam rC+++
                  | Str-2 Dex+6}
   968 | D:3      | Reached XP level 5. HP: 44/46 MP: 6/6
  1161 | D:3      | You fall into a shaft and drop 2 floors!
  1161 | D:5      | Entered Level 5 of the Dungeon
  1167 | D:5      | Noticed a necrophage
  1176 | D:5      | Killed a necrophage
  1177 | D:5      | Reached XP level 6. HP: 49/52 MP: 7/7
  1201 | D:4      | Found a sand-covered staircase.
  1210 | Ossuary  | Entered an ossuary
  1362 | D:4      | Reached skill level 5 in Maces & Flails
  1423 | D:4      | Reached XP level 7. HP: 41/59 MP: 8/8
  1565 | D:4      | Reached skill level 5 in Armour
  1565 | D:4      | Reached skill level 5 in Shields
  1566 | D:4      | Found a sacrificial altar of Ru.
  1566 | D:4      | Found a broken altar of Ashenzari.
  1567 | D:4      | Found an ornate altar of the Wu Jian Council.
  1585 | D:4      | Reached skill level 6 in Maces & Flails
  1628 | D:4      | Reached XP level 8. HP: 60/67 MP: 9/9
  2099 | D:5      | Reached skill level 7 in Maces & Flails
  2137 | D:5      | Reached skill level 5 in Fighting
  2379 | D:6      | Noticed Duvessa
  2379 | D:6      | Noticed Dowan
  2383 | D:6      | Killed Dowan
  2388 | D:6      | Killed Duvessa
  2393 | D:6      | Reached skill level 8 in Maces & Flails
  2393 | D:6      | Gained mutation: You passively map the area around you.
                  | [Meteoran growth]
  2393 | D:6      | Reached XP level 9. HP: 63/74 MP: 10/10
  2562 | D:6      | Reached skill level 5 in Throwing
  2606 | D:6      | Found a staircase to the Ecumenical Temple.
  2613 | Temple   | Entered the Ecumenical Temple
  2624 | Temple   | Became a worshipper of Warmaster Okawaru
  2836 | D:6      | Noticed Sigmund
  2846 | D:6      | Reached skill level 1 in Invocations
  2951 | D:6      | Killed Sigmund
  2958 | D:6      | Noticed Blork the orc
  2962 | D:6      | Killed Blork the orc
  3060 | D:7      | Reached * piety under Okawaru
  3064 | D:7      | Reached skill level 9 in Maces & Flails
  3065 | D:7      | Noticed Prince Ribbit
  3105 | D:7      | Reached XP level 10. HP: 65/83 MP: 13/13
  3121 | D:6      | Killed Prince Ribbit
  3264 | D:7      | Reached ** piety under Okawaru
  3269 | D:7      | Reached skill level 5 in Invocations
  3330 | D:7      | Noticed a kobold demonologist
  3335 | D:7      | Killed a kobold demonologist
  3596 | D:8      | Reached *** piety under Okawaru
  3644 | D:8      | Found a shadowy altar of Dithmenos.
  3645 | D:8      | Found a white marble altar of Elyvilon.
  3716 | D:8      | Found Koyk's Assorted Antiques.
  3724 | D:8      | Bought a sedimented blue potion for 26 gold pieces
  3724 | D:8      | Bought a metallic sapphire potion for 26 gold pieces
  3724 | D:8      | Bought 2 dark potions for 52 gold pieces
  3724 | D:8      | Bought a scroll of identify for 58 gold pieces
  3729 | D:8      | Gained mutation: Armour fits poorly on your strangely
                  | shaped body. [potion of mutation]
  3729 | D:8      | Gained mutation: You have a somewhat thin skeletal
                  | structure. (Dex +2, Stealth+) [potion of mutation]
  3729 | D:8      | Gained mutation: Your muscles are strong. (Str +4, Int/Dex
                  | -1) [potion of mutation]
  3784 | D:9      | Reached XP level 11. HP: 82/87 MP: 16/16
  3785 | D:9      | Received a gift from Okawaru
  3826 | D:9      | Found a flagged portal.
  3863 | Bailey   | Entered a bailey
  3882 | Bailey   | Noticed an orc warlord
  3932 | Bailey   | Noticed an orc knight
  3934 | Bailey   | Noticed an orc knight
  3949 | Bailey   | Annihilated by an orc knight

Illustrated notes

Levels and vault maps discovered:
D:1:      evilmike_arrival_plus, layout_basic
D:2:      layout_loops_cross, minmay_worlds_worst_comb
D:3:      layout_rooms
D:4:      layout_basic, gammafunk_temple_overflow_claw,
          nicolae_ossuary_entry_monument, minmay_misc_feat_tiny, minmay_bent
D:5:      layout_basic
D:6:      layout_gridville, minmay_temple_entry_gardened_gates, uniq_duvessa,
          uniq_blork_the_orc, uniq_sigmund
D:7:      nzn_winding_woodlands_medium [nzn_winding_woodlands_hourglass,
          nzn_winding_woodlands_5x15_pathside_ponds,
          nzn_winding_woodlands_5x5_cross,
          nzn_winding_woodlands_5x5_closed_star,
          nzn_winding_woodlands_center_diamonds,
          nzn_winding_woodlands_5x5_open_star,
          nzn_winding_woodlands_5x5_default, nzn_winding_woodlands_5x15_parted,
          nzn_winding_woodlands_5x5_checkerboard], layout_rooms,
          uniq_prince_ribbit1
D:8:      layout_cave_pools, jmf_multi_god_temple, serial_shops,
          nicolae_shop_temple_entry_statues_fountains
D:9:      cheibrodos_fzero, layout_cave_pools, enter_bailey_3
Temple:   eino_wide_crystal_templ
Bailey:   bailey_axe_bossmonster_kennysheep, bailey

Skill      XL: |  1  2  3  4  5  6  7  8  9 10 |
---------------+-------------------------------+-----
Maces & Flails | 3 4 5 6 8 9 |  9.9
Throwing       | 1 2 3 4 6 8 |  8.3
Shields        | 4 5 6 7 |  7.8
Armour         | 4 5 6 7 |  7.9
Fighting       | 4 5 6 7 |  7.0
Invocations    | 3 6 |  6.9

Action                     |  1- 3 |  4- 6 |  7- 9 | 10-12 || total
---------------------------+-------+-------+-------+-------++-------
  Melee: Flail             |    99 |   196 |   222 |   169 ||   686
  Throw: Boomerang         |       |       |     2 |    36 ||    38
         Throwing net      |       |       |     2 |       ||     2
  Evoke: Wand              |       |       |       |     1 ||     1
    Use: Scroll            |       |     2 |     4 |     7 ||    13
         Potion            |       |       |     6 |     5 ||    11
 Armour: Scale mail        |    63 |   141 |   151 |     1 ||   356
         Ring mail         |       |       |       |   125 ||   125
  Dodge: Dodged            |    53 |   101 |   106 |    96 ||   356
  Block: Buckler           |    36 |    55 |    77 |    73 ||   241

Table legend: (Time is in decaauts)
 A = Elapsed time spent in this place.
 B = Non-inter-level travel time spent in this place.
 C = Inter-level travel time spent in this place.
 D = Time resting spent in this place.
 E = Time spent auto-exploring this place.
 F = Levels seen in this place.
 G = Mean time per level.
                   A        B        C        D        E       F      G
               +--------+--------+--------+--------+--------+-----+--------+
         Total |   4169 |   3922 |    247 |     18 |    633 |  12 |  347.4 |
       Dungeon |   3903 |   3663 |    240 |     18 |    630 |   9 |  433.7 |
        Temple |     21 |     14 |      7 |      0 |      0 |   1 |   21.0 |
       Ossuary |    148 |    148 |      0 |      0 |      0 |   1 |  148.0 |
        Bailey |     95 |     95 |      0 |      0 |      3 |   1 |   95.0 |
               +--------+--------+--------+--------+--------+-----+--------+

Top non-repeatable levels by time:
     D:5: 792 daAuts
     D:2: 562 daAuts
     D:6: 510 daAuts
     D:4: 502 daAuts
     D:7: 433 daAuts
     D:1: 381 daAuts
     D:3: 339 daAuts
     D:8: 269 daAuts
 Ossuary: 148 daAuts
     D:9: 111 daAuts
  Bailey: 95 daAuts
  Temple: 21 daAuts
